 Dungeon Crawl Stone Soup version 0.20-a0-802-g512f924 (webtiles) character file.

291 Espgualade the Skirmisher (level 6, -4/38 HPs)
             Began as a Tengu Ice Elementalist on Mar 2, 2017.
             Slain by Duvessa
             ... wielding a +0 rapier
              (17 damage)
             ... on level 4 of the Dungeon.
             The game lasted 00:11:29 (4002 turns).

Espgualade the Skirmisher (Tengu Ice Elementalist)  Turns: 4002, Time: 00:11:30

Health: -4/38      AC: 10    Str:  3    XL:     6   Next: 32%
Magic:  17/19      EV: 14    Int: 22    God:
Gold:   279        SH:  0    Dex: 15    Spells: 3/9 levels left

rFire    . . .     SeeInvis .   l - +9 dagger of Tumult {distort, +Fly Str-5 Int+5}
rCold    . . .     Gourm    .   a - +0 robe
rNeg     . . .     Faith    .   (no shield)
rPois    .         Spirit   .   (helmet restricted)
rElec    .         Reflect  .   (no cloak)
rCorr    .         Harm     .   (no gloves)
MR       .....                  (boots unavailable)
Stlth    +.........             (no amulet)
Regen    0.2/turn               f - ring of magical power
MPRegen  0.2/turn               g - +3 ring of protection

@: icy armour, glowing, slow
A: beak, talons 3, able to fly 1
a: Fly, Evoke Flight


You were on level 4 of the Dungeon.
You were hungry.

You visited 1 branch of the dungeon, and saw 4 of its levels.

You collected 279 gold pieces.

Inventory:

Hand Weapons
 e - a +0 short sword
 l - the +9 dagger of Tumult (weapon) {distort, +Fly Str-5 Int+5}
   (You found it on level 4 of the Dungeon)

   It warps and distorts space around it.
   Unwielding it can cause banishment or high damage.
   It affects your strength (-5).
   It affects your intelligence (+5).
   It lets you fly.
Armour
 a - a +0 robe (worn)
Jewellery
 d - an uncursed ring of positive energy
 f - a ring of magical power (right hand)
 g - a +3 ring of protection (left hand)
Scrolls
 j - a scroll of recharging
 k - a scroll of immolation
Potions
 h - a potion of might {unknown}
 i - a potion of resistance
 m - a potion of lignification
 o - 2 potions of agility
 q - a potion of magic {unknown}
 r - a potion of berserk rage
Books
 b - a book of Frost

   Spells                             Type                      Level
   a - Freeze                         Ice                          1
   b - Throw Frost                    Conjuration/Ice              2
   c - Ozocubu's Armour               Charms/Ice                   3
   d - Throw Icicle                   Conjuration/Ice              4
   e - Summon Ice Beast               Ice/Summoning                4
 s - a book of Conjurations

   Spells                             Type                      Level
   a - Magic Dart                     Conjuration                  1
   b - Searing Ray                    Conjuration                  2
   c - Dazzling Spray                 Conjuration/Hexes            3
   d - Fulminant Prism                Conjuration/Hexes            4
   e - Force Lance                    Conjuration/Translocation    4
   f - Iskenderun's Mystic Blast      Conjuration                  4
Comestibles
 c - 2 bread rations
 n - a royal jelly
 p - a meat ration


   Skills:
 - Level 4.0 Fighting
 + Level 3.9 Dodging
 + Level 4.0 Stealth
 - Level 2.0 Spellcasting
 - Level 1.3 Conjurations
 - Level 2.6 Ice Magic


You had 3 spell levels left.
You knew the following spells:

 Your Spells              Type           Power        Failure   Level  Hunger
a - Freeze                Ice            ##..         6%          1    #......
b - Throw Frost           Conj/Ice       ##....       10%         2    ##.....
c - Ozocubu's Armour      Chrm/Ice       #.......     28%         3    ###....


Dungeon Overview and Level Annotations

Branches:
Dungeon (4/15)
 Temple: D:4-7

Altars:
Dithmenos
Nemelex Xobeh
Okawaru
The Shining One

Shops:
D:4 %

Annotations:
D:4 Blork the orc, Duvessa


Innate Abilities, Weirdness & Mutations

You have a beak for a mouth.
You have claws for feet.
You can fly.


Message History

You freeze Dowan.
Dowan resists.
You kill Dowan!
Duvessa screams, "No!
How DARE you!"
Duvessa goes berserk!
Your Stealth skill increases to level 4!
Duvessa misses you. Duvessa hits you with a rapier!
Things that are here:
a dagger; a robe Duvessa hits you with a rapier.
Casting: Freeze
Confirm with . or Enter, or press ? or * to list all spells.
Aiming: Freeze
Press: ? - help, Shift-Dir - straight line, f - Duvessa
Aim: Duvessa, wielding a rapier (berserk, fast, unusually strong)
You freeze Duvessa.
Duvessa is lightly wounded.
Duvessa closely misses you. Duvessa hits you with a rapier!
Duvessa rages.
Duvessa hits you with a rapier!
You die...

#.# ###'####
#......#
#####).....#
#.)........##
#.##........##
#............#
#e.#########.##
#@.# ..... #..#
#..#.......#..# #
#..#.......#..####
#..^..._...^...)..
#..#.......#..###.
#..#.......#..# #.
#..# ...:. #..# ##
#..####^####..#
##...........##


You could see Duvessa (berserk).

Vanquished Creatures
  A scorpion (D:3)
  Dowan (D:4)
  Jessica (D:2)
  Ijyb (D:3)
  An orc wizard (D:3)
  3 adders
  2 oozes
  2 worms
  4 dart slugs
  2 leopard geckos
  4 orcs
  4 giant cockroaches
  2 goblins
  5 hobgoblins
  4 jackals (D:2)
  A quokka (D:2)
  A ball python (D:4)
  13 bats
  5 frilled lizards
  9 kobolds
  A quokka skeleton (D:4)
  8 rats
75 creatures vanquished.

Notes
Turn   | Place    | Note
-------+----------+-------------------------------------------
     0 | D:1      | Espgualade the Tengu Ice Elementalist began the quest for the Orb.
     0 | D:1      | Reached XP level 1. HP: 10/10 MP: 4/4
   435 | D:1      | Reached skill level 1 in Fighting
   650 | D:1      | Reached XP level 2. HP: 16/16 MP: 6/6
  1190 | D:1      | Reached XP level 3. HP: 22/22 MP: 7/7
  1549 | D:2      | Noticed Jessica
  1726 | D:1      | Learned a level 2 spell: Throw Frost
  1730 | D:1      | Learned a level 3 spell: Ozocubu's Armour
  1739 | D:2      | Killed Jessica
  1739 | D:2      | Reached XP level 4. HP: 19/28 MP: 8/8
  2194 | D:2      | Found a glowing golden altar of the Shining One.
  2623 | D:3      | Gained mutation: You can fly. [Tengu growth]
  2623 | D:3      | Reached XP level 5. HP: 29/33 MP: 9/9
  3225 | D:3      | Found an iron altar of Okawaru.
  3233 | D:3      | Found a sparkling altar of Nemelex Xobeh.
  3371 | D:3      | Noticed Ijyb
  3418 | D:3      | Killed Ijyb
  3418 | D:3      | Reached XP level 6. HP: 34/38 MP: 10/10
  3640 | D:4      | Found Qyesmib's Food Emporium.
  3743 | D:4      | Found a shadowy altar of Dithmenos.
  3759 | D:4      | Noticed Duvessa
  3786 | D:4      | Noticed Dowan
  3832 | D:4      | Got a polished dagger
  3833 | D:4      | Identified the +9 dagger of Tumult {distort, +Fly Str-5 Int+5} (You found it on level 4 of the Dungeon)
  3938 | D:4      | Noticed Blork the orc
  3996 | D:4      | Killed Dowan
  4002 | D:4      | Slain by Duvessa

Vault maps used:
D:1:      evilmike_arrival_plus
D:2:      nicolae_tso_carved_into_rock, uniq_jessica
D:3:      minitemple, uniq_iyjb
D:4:      grunt_temple_overflow_diamond, minmay_temple_entry_poolview,
          serial_shops, shop, first_bread, lemuel_tele_altar,
          uniq_blork_the_orc, uniq_duvessa

Skill      XL: |  1  2  3  4  5  6 |
---------------+-------------------+-----
Fighting       | 1 2 3 4 |  4.0
Dodging        | 3 |  3.9
Stealth        | 3 4 |  4.0
Spellcasting   | |  2.0
Conjurations   | |  1.3
Ice Magic      | |  2.6

Action                   |  1- 3 |  4- 6 || total
-------------------------+-------+-------++-------
Melee: Short sword       |    64 |   134 ||   198
       Peck              |     9 |    20 ||    29
       Kick              |    11 |    36 ||    47
       Dagger            |       |     8 ||     8
 Cast: Freeze            |    30 |    26 ||    56
       Throw Frost       |       |    11 ||    11
       Ozocubu's Armour  |       |     2 ||     2
  Use: Scroll            |     1 |     8 ||     9
 Stab: Sleeping          |     4 |     9 ||    13
  Eat: Chunk             |     3 |     4 ||     7
       Bread ration      |       |     1 ||     1
Armor: Robe              |    18 |    39 ||    57
Dodge: Dodged            |    65 |   105 ||   170
